 Dungeon Crawl Stone Soup version 0.32-a0-41-gec2d92a32c (webtiles) character file.

Game seed: 3112392735059792956

1296306 cforsyth the Conqueror (level 27, 97/214 HPs)
             Began as a Djinni Enchanter on Jan 25, 2024.
             Was the Champion of Fedhas.
             Escaped with the Orb
             ... and 3 runes on Jan 26, 2024!
             The game lasted 04:07:14 (137896 turns).

cforsyth the Conqueror (Djinni Enchanter)         Turns: 137896, Time: 04:07:14

Health: 97/214     AC: 20    Str:  8 (9)  XL:     27
Gold:   9675       EV: 29    Int: 41      God:    Fedhas [******] SH: 15 Dex: 24

rFire   + + .        N - staff of Mud Otib {rN+ rCorr Summ Necro}
rCold   . . .        K - +0 kite shield {reflect}
rNeg    + . .        O - +3 troll leather armour
rPois   ∞            U - +2 helmet {Int+3}
rElec   +            R - +2 cloak {rCorr}
rCorr   +            t - +2 pair of gloves
SInv    +            (boots unavailable)
Will    ++++.        f - amulet "Raitumob" {Faith rPois rC+ rCorr Int+5}
Stlth   +            M - ring of Pag Hame {rElec Will++ Str+2 Int-2 Dex+6}
HPRegen 1.35/turn    A - ring "Mokkaew" {rElec Int+6 Dex+4 Slay-3 SInv}
MPRegen 0.00/turn

%: reflection, faith
@: flying, studying 2 skills
A: sickness immunity, fire resistance 2, cold vulnerability 1, float, innate
caster, HP casting, extra vitality 1, iridescent scales 1, clumsy 1, mutation
resistance 1, screaming 1, subdued magic 1
0: Orb of Zot
}: 3/15 runes: decaying, serpentine, silver
a: Renounce Religion, Wall of Briars, Grow Ballistomycete, Overgrow, Grow Oklob


You escaped.
You worshipped Fedhas.
Fedhas was exalted by your worship.
You visited 11 branches of the dungeon, and saw 51 of its levels.
You visited 1 bazaar.
You also visited: Ossuary, Gauntlet and Ice Cave.

You collected 11037 gold pieces.
You spent 1362 gold pieces at shops.

Inventory:

Armour
 t - a +2 pair of gloves (worn)
 K - a +0 kite shield of reflection (worn)
 O - a +3 troll leather armour (worn)
 R - a +2 cloak of preservation (worn)
 U - a +2 helmet of intelligence (worn)
Magical Staves
 w - the staff of the Viper {rC+ Str+9 Dex-4 SInv Ice}
   (You found it on level 5 of the Vaults)

   [staff of cold]

   Base accuracy: +5 Base damage: 5 Base attack delay: 1.2 This weapon's minimum
   attack delay (0.6) is reached at skill level 12.
   Str+9:     It affects your strength (+9).
   Dex-4:     It affects your dexterity (-4).
   rC+:       It protects you from cold.
   SInv:      It lets you see invisible.
   Ice:       It increases the power of your Ice spells.
   It falls into the 'Staves' category.
   It is a one-handed weapon.
 N - the staff of Mud Otib (weapon) {rN+ rCorr Summ Necro}
   (You found it on level 3 of the Crypt)

   [staff of death]

   Base accuracy: +5 Base damage: 5 Base attack delay: 1.2 This weapon's minimum
   attack delay (0.6) is reached at skill level 12.
   rN+:       It protects you from negative energy.
   rCorr:     It protects you from acid and corrosion.
   Summ:      It increases the power of your Summonings spells.
   Necro:     It increases the power of your Necromancy spells.
   It falls into the 'Staves' category.
   It is a one-handed weapon.
Jewellery
 f - the amulet "Raitumob" (around neck) {Faith rPois rC+ rCorr Int+5}
   (You acquired it on level 9 of the Dungeon)

   [amulet of faith]

   Faith:     It allows you to gain divine favour quickly.
   Int+5:     It affects your intelligence (+5).
   rC+:       It protects you from cold.
   rPois:     It protects you from poison rCorr: It protects you from acid and
   corrosion.
 k - the ring of Moral Flaws {Fire Str+3 Dex-4 Stlth+}
   (You found it in a Gauntlet)

   [ring of fire]

   Fire:      It enhances your fire magic.
   Str+3:     It affects your strength (+3).
   Dex-4:     It affects your dexterity (-4).
   rF+:       It protects you from fire.
   rC-:       It makes you vulnerable to cold.
   Stlth+:    It makes you more stealthy.
 A - the ring "Mokkaew" (right hand) {rElec Int+6 Dex+4 Slay-3 SInv}
   (You found it on level 4 of the Swamp)

   [ring of intelligence]

   Int+6:     It affects your intelligence (+6).
   Dex+4:     It affects your dexterity (+4).
   Slay-3:    It affects your accuracy & damage with ranged weapons and melee
   (-3).
   rElec:     It insulates you from electricity.
   SInv:      It lets you see invisible.
 I - the ring "Hourug" {EV+5 SInv Stlth+}
   (You bought it in a shop in a bazaar)

   [ring of evasion]

   EV+5:      It affects your evasion (+5).
   SInv:      It lets you see invisible.
   Stlth+:    It makes you more stealthy.
 M - the ring of Pag Hame (left hand) {rElec Will++ Str+2 Int-2 Dex+6}
   (You found it in a Gauntlet)

   [ring of dexterity]

   Str+2:     It affects your strength (+2).
   Int-2:     It affects your intelligence (-2).
   Dex+6:     It affects your dexterity (+6).
   rElec:     It insulates you from electricity.
   Will++:    It greatly increases your willpower.
 X - the ring "Genetoadeh" {rN+ Str+2}
   (You found it on level 11 of the Dungeon)

   [ring of positive energy]

   Str+2:     It affects your strength (+2).
   rN+:       It protects you from negative energy.
Wands
 p - a wand of flame (36)
 y - a wand of charming (52)
 z - a wand of iceblast (69)
 G - a wand of mindburst (16)
 L - a wand of digging (19)
 T - a wand of light (42)
 W - a wand of polymorph (22)
Scrolls
 a - 6 scrolls of immolation
 d - 3 scrolls of blinking
 e - 4 scrolls of torment
 g - 8 scrolls of poison
 l - 2 scrolls of summoning
 m - 4 scrolls of enchant armour
 q - 7 scrolls of fear
 r - 4 scrolls of silence
 u - 9 scrolls of vulnerability
 x - 5 scrolls of brand weapon
 E - 9 scrolls of fog
 F - 9 scrolls of enchant weapon
 Q - 5 scrolls of noise
 S - 11 scrolls of revelation
 Y - 11 scrolls of teleportation
Potions
 c - 6 potions of invisibility
 h - 8 potions of brilliance
 i - 6 potions of resistance
 j - 5 potions of cancellation
 n - 7 potions of haste
 o - 4 potions of heal wounds
 s - 8 potions of enlightenment
 v - 8 potions of lignification
 B - 7 potions of attraction
 C - 4 potions of might
 D - 14 potions of mutation
 J - 17 potions of curing
 P - 4 potions of berserk rage
 V - 6 potions of ambrosia
Miscellaneous
 b - a tin of tremorstones (2/2)
 H - a phial of floods
 Z - a sack of spiders


   Skills:
 O Level 27 Fighting
 - Level 0.8 Short Blades
 + Level 13.1 Armour
 + Level 21.9 Dodging
 - Level 2.4 Stealth
 - Level 14.0 Shields
 O Level 27 Spellcasting
 O Level 27 Conjurations
 O Level 27 Hexes
 O Level 27 Summonings
 O Level 27 Necromancy
 O Level 27 Translocations
 O Level 27 Fire Magic
 O Level 27 Ice Magic
 O Level 27 Air Magic
 O Level 27 Earth Magic
 O Level 27 Alchemy


You knew the following spells:

 Your Spells              Type           Power      Damage    Failure   Level
a - Ensorcelled Hibernat  Hex/Ice        100%       N/A       0%          2
b - Confusing Touch       Hex            100%       N/A       0%          3
c - Tukima's Dance        Hex            100%       N/A       0%          3
d - Dazzling Flash        Conj/Hex       100%       N/A       0%          3
e - Shock                 Conj/Air       100%       1d9       0%          1
f - Call Imp              Summ           100%       N/A       0%          2
g - Frozen Ramparts       Ice            100%       1d16      0%          3
h - Stone Arrow           Conj/Erth      100%       3d13      0%          3
i - Passage of Golubria   Tloc           100%       N/A       0%          4
j - Yara's Violent Unrav  Hex/Alch       59%        3d22      0%          5
k - Conjure Ball Lightni  Conj/Air       59%        3x3d21    0%          6
l - Dispersal             Tloc           59%        N/A       0%          6
m - Eringya's Noxious Bo  Alch           59%        4d6       0%          6
n - Lehudib's Crystal Sp  Conj/Erth      59%        10d14     1%          8
o - Borgnjor's Revivific  Necr           72%        N/A       1%          8
p - Disjunction           Tloc           59%        N/A       1%          8
q - Shatter               Erth           59%        3d44*     1%          9
Your spell library was empty.

Dungeon Overview and Level Annotations

Branches:
Dungeon (15/15)            Temple (1/1) D:7            Lair (5/5) D:11
  Swamp (4/4) Lair:3        Snake (4/4) Lair:3        Slime (0/5) Lair:4
    Orc (2/2) D:11            Elf (3/3) Orc:2        Vaults (5/5) D:14
  Crypt (3/3) Vaults:2       Tomb (0/3) Crypt:3      Depths (4/4) D:15
    Zot (5/5) Depths:4    Ossuary (visited)           IceCv (visited)
Gauntlet (visited)

Altars:
Ashenzari
Cheibriados
Dithmenos
Elyvilon
Fedhas
Gozag
Hepliaklqana
Makhleb
Nemelex Xobeh
Okawaru
Qazlal
Ru
Trog
Uskayaw
Wu Jian
Xom
Yredelemnul
Zin
The Shining One
Jiyva

Shops:
D:2 *   D:10 :   Orc:2 [:=(   Elf:2 [   Snake:2 *   Snake:3 *   Vaults:1 *
Vaults:2 [   Depths:1 :   Depths:3 :*((   Depths:4 *=:

Portals:
Hell: Depths:1 Depths:2 Depths:3 Depths:4
Abyss: Depths:3
Pandemonium: Depths:1 Depths:2
Ziggurat: Depths:2


Innate Abilities, Weirdness & Mutations

You are immune to sickness and miasma.
You are immune to poison.
Your flesh is very heat resistant. (rF++)
You are vulnerable to cold. (rC-)
You float through the air rather than walking.
You learn spells naturally, not from books.
Your magical power is your life essence.
You have superior vitality. (+4 MHP)
You are partially covered in iridescent scales. (AC +2)
You are clumsy. (Dex -2)
You are somewhat resistant to further mutation.
You occasionally shout uncontrollably at your foes.
Your spells are a little easier to cast, but a little less powerful.


Message History

2 sixfirhies come into view.
Aiming: Dig
Press: ? - help, Shift-Dir - straight line A rock wall.
This square is covered in magical glow.
The rock shatters into small pieces.
You hear a grinding noise.
You barely miss the kobold. You block the kobold's attack. x2
Casting: Dispersal (safe; 0% risk of failure)
Confirm with . or Enter, or press ? or * to list all spells.
The dungeon rumbles!
You kill the kobold!
Fedhas appreciates your contribution to the ecosystem.
You destroy the large abomination!
Fedhas accepts your kill.
You kill the gnoll!
Fedhas appreciates your contribution to the ecosystem.
You kill the sixfirhy!
Fedhas accepts your kill.
The sixfirhy is lightly wounded.
Ka-crash!
A sixfirhy comes into view.
A cacodemon comes into view.
The sixfirhy hits you. The sixfirhy shocks you. You resist.
You see here a +0 whip.
The sixfirhy barely misses you. x2
The cacodemon gestures at the rock wall.
Some rock shatters into small pieces.
Things that are here:
a +0 whip; a gnoll corpse
Casting: Shatter (dangerous; 1% risk of failure)
Confirm with . or Enter, or press ? or * to list all spells.
The dungeon rumbles!
You kill the sixfirhy!
Fedhas accepts your kill.
The cacodemon is moderately wounded.
Ka-crash!
There is a staircase leading out of the dungeon here.
You block the sixfirhy's attack. x2; The sixfirhy completely misses you.
You have escaped!

###..##.# .........#...## #.####
..)...#.# #..######.....# #.....
#####3..##...# ##...## ###### #
........# ##.## # .2.##.## #.# #
##### #...#.# #.# # ....# #....#
##'## # .)#.#####..2########...##
# #.#.....#...)).3@.......## ###
#>#..####..#..#..#.......## ##.#
#.#.......................####...
..........#...............+......
#.##.#....#.>..#..........####...
#.##......#$$............## ##.#
#.##.###..#.####........## ###
..##.# #.).......#.#...##
####.####.....#### ##'##


You could see a cacodemon and a sixfirhy.

Vanquished Creatures
  5 dread liches
  Khufu (Crypt:3)
  5 ancient liches
  6 orbs of fire (Zot:5)
  Xtahua (Vaults:3)
  A juggernaut (Depths:4)
  2 royal mummies (Crypt:3)
  A pandemonium lord (D:1)
  Sojobo (Crypt:3)
  Saint Roka (Vaults:3)
  2 Killer Klowns (Zot:5)
  2 curse toes
  Jory (Vaults:2)
  14 golden dragons
  Nikola (Swamp:3)
  3 bone dragons
  5 electric golems
  An Ice Fiend (D:1)
  Mlioglotl (Lair:3)
  Zenata (Vaults:1)
  27 tentacled monstrosities
  4 liches
  Asterion (Depths:2)
  26 Orb Guardians
  3 deep elf blademasters
  The ghost of Virumoce the Stormcaller, an adept OpSu of Gozag (Swamp:2)
  10 quicksilver dragons
  4 titans (Vaults:5)
  A deep elf master archer (Elf:3)
  8 sphinxes
  Frances (Swamp:2)
  An Executioner (D:11)
  2 ancient champions
  Kirke (D:15)
  9 death cobs
  7 tengu reavers
  6 shadow dragons
  Aizul (Snake:4)
  Donald (Crypt:2)
  A fenstrider witch (Swamp:3)
  12 storm dragons
  8 nagarajas
  3 revenants
  9 protean progenitors
  8 draconian knights
  17 draconian monks
  A balrug (Zot:2)
  7 fire giants
  7 draconian shifters
  9 deep elf sorcerers
  17 vault wardens
  8 frost giants
  Louise (D:14)
  5 ghost moths
  The ghost of Leufodd the Unseen, an adept VSCK of Xom (Swamp:3)
  2 iron dragons (Vaults:5)
  A juggernaut zombie (Depths:3)
  8 deep elf elementalists (Elf:3)
  9 draconian scorchers
  8 ghouls
  8 draconian annihilators
  An orc warlord (Vaults:2)
  7 spriggan defenders (Depths:2)
  4 draconian stormcallers
  19 ironbound preservers
  2 reapers
  A demonspawn blood saint (Zot:2)
  A curse skull (Crypt:1)
  11 stone giants
  22 very ugly things
  19 green draconians
  2 vampire knights (Crypt:3)
  A formless jellyfish (Vaults:3)
  5 ironbound thunderhulks
  2 lorocyprocas
  7 deep elf demonologists
  2 eleionomae
  17 red draconians
  7 deep elf death magi
  9 yellow draconians
  10 spark wasps
  14 dire elephants
  12 black draconians
  6 deep elf annihilators (Elf:3)
  7 war gargoyles
  A minotaur (Gauntlet)
  18 white draconians
  6 bunyips
  9 ettins
  2 eidola (Crypt:2)
  14 purple draconians
  6 crystal guardians
  4 green deaths
  3 fire dragons
  Fannar (D:9)
  An ettin (shapeshifter) (Vaults:5)
  Josephine (D:10)
  15 yaktaur captains
  5 jiangshi
  13 ice dragons
  3 entropy weavers
  A hell beast (Zot:2)
  5 deep elf high priests
  4 rakshasas
  32 vault guards
  2 caustic shrike simulacra (IceCv)
  6 ogre magi
  5 great orbs of eyes
  12 hydras
  3 peacekeepers
  3 spriggan air magi
  2 radroaches (Zot:2)
  2 centaur warriors
  2 ghost crabs
  6 ironbound frosthearts
  13 anacondas
  2 salamander tyrants
  2 catoblepae
  12 alligators
  A bennu zombie (Crypt:2)
  A sphinx skeleton (Depths:3)
  4 boulder beetles
  2 fenstrider witch skeletons
  18 two-headed ogres
  7 deep troll earth magi
  18 naga warriors
  6 deep troll shamans
  3 death yaks (Lair:5)
  6 tengu warriors
  16 naga sharpshooters
  6 vampire magi
  A thrashing horror (Swamp:4)
  6 hell hogs
  A titan zombie (Crypt:1)
  15 deep elf knights
  6 soul eaters
  6 spriggan berserkers
  2 fire crabs
  2 salamander mystics (Snake:4)
  13 hell knights
  A shadow wraith (Vaults:5)
  25 skeletal warriors
  7 shock serpents
  Amaemon (Lair:2)
  A goliath frog (shapeshifter) (Depths:3)
  4 death drakes
  A skyshark (Lair:2)
  7 spark wasp zombies (Depths:2)
  4 storm dragon skeletons
  12 swamp dragons
  8 mana vipers
  8 goliath frogs
  An orb spider (shapeshifter) (Vaults:4)
  3 arcanists
  2 obsidian statues
  3 sixfirhies
  46 deep trolls
  5 iron trolls
  14 deep elf archers
  14 bog bodies
  7 orc knights
  5 spriggan druids
  9 flayed ghosts
  8 naga ritualists
  An anaconda skeleton (Crypt:3)
  2 glowing orange brains (Depths:3)
  23 ironbound convokers
  A spriggan simulacrum (IceCv)
  3 lindwurms
  12 phantasmal warriors
  21 deep elf zephyrmancers
  12 necromancers
  5 orc sorcerers
  An iron dragon zombie (Depths:3)
  36 deep elf pyromancers
  A stone giant zombie (Crypt:1)
  An alligator zombie (Crypt:2)
  32 ugly things
  A tengu skeleton (Vaults:2)
  A faun (shapeshifter) (Depths:4)
  5 will-o-the-wisps
  2 manticores (D:13)
  The ghost of Azoth the Insei, a novice OpSh (D:5)
  13 elephants
  26 moths of wrath
  10 salamanders
  7 large abominations
  8 cyclopes
  6 meliai
  A meliai (shapeshifter) (D:15)
  A stone giant skeleton (Vaults:2)
  8 kobold blastminers
  A fire giant skeleton (Vaults:2)
  18 naga magi
  A molten gargoyle (Depths:1)
  A frost giant skeleton (Depths:3)
  Maggie (D:6)
  6 guardian serpents
  23 vault sentinels
  A smoke demon (Depths:1)
  3 torpor snails
  3 gargoyles
  33 black mambas
  3 orange demons
  12 cane toads
  9 komodo dragons
  25 yaktaurs
  A green draconian zombie (Crypt:1)
  A rime drake (shapeshifter) (D:14)
  An unseen horror (D:13)
  8 rime drakes
  2 centaur skeletons
  16 freezing wraiths
  An efreet (D:15)
  2 guardian mummies (Zot:1)
  2 anaconda simulacra (IceCv)
  5 tengu conjurers
  2 yaktaur skeletons (Vaults:2)
  3 ice devils (IceCv)
  2 golden dragon simulacra (IceCv)
  A queen bee (Gauntlet)
  4 harpy zombies
  An iron troll zombie (Crypt:2)
  6 trolls
  3 polar bears
  A merfolk (shapeshifter) (Vaults:3)
  A harpy skeleton (Crypt:3)
  2 bloated husks
  9 tyrant leeches
  12 hornets
  33 dancing weapons
  3 alligator simulacra (IceCv)
  A tarantella (shapeshifter) (Vaults:3)
  A dream sheep (Zot:2)
  22 blink frogs
  A guardian serpent zombie (Crypt:1)
  An ettin zombie (Crypt:3)
  41 slime creatures
  A fire dragon zombie (Crypt:3)
  2 centaur simulacra (D:15)
  2 ettin skeletons
  A satyr zombie (Crypt:1)
  Sigmund (D:5)
  A ynoxinul (Zot:3)
  3 vampires
  6 shadows
  11 wraiths
  An ice dragon skeleton (Crypt:3)
  3 spriggan zombies
  9 spriggans
  A water elemental (Depths:2)
  4 air elementals
  5 hogs (D:14)
  3 dire elephant simulacra (IceCv)
  27 yaks
  2 wyverns
  10 wargs
  6 basilisks
  5 golden eyes (D:7)
  2 humans (D:13)
  A neqoxec (D:12)
  5 steam dragons
  3 fire elementals
  Menkaure (D:5)
  A faun zombie (Crypt:1)
  4 harpy simulacra (IceCv)
  10 vampire mosquitoes
  The ghost of PriceMaster the Digger, an amateur OpEE (D:4)
  24 nagas
  25 swamp worms
  Edmund (D:5)
  A swamp worm (shapeshifter) (Vaults:5)
  24 water moccasins
  2 glowing shapeshifter skeletons (Vaults:2)
  A hydra simulacrum (IceCv)
  Duvessa (D:7)
  4 swamp drakes
  A deep troll skeleton (Crypt:2)
  5 black bears
  31 orc warriors
  An ice beast (D:7)
  4 sky beasts
  25 laughing skulls
  2 ettin simulacra (IceCv)
  A lindwurm zombie (Crypt:2)
  4 centaurs
  9 ogres
  2 human skeletons (Vaults:2)
  11 wolves
  5 boggarts (D:15)
  2 dream sheep skeletons
  6 phantoms
  2 kobold brigands
  Blork the orc (D:5)
  9 elf zombies
  18 bullfrogs
  7 necrophages
  3 wyvern zombies (D:7)
  A gnoll sergeant (D:9)
  A komodo dragon skeleton (Crypt:2)
  3 scorpions
  2 deep troll simulacra (IceCv)
  3 earth elementals
  Dowan (D:7)
  6 wights
  6 lindwurm simulacra (IceCv)
  2 troll zombies (D:11)
  20 killer bees
  5 electric eels
  A howler monkey (D:12)
  A spriggan skeleton (Crypt:1)
  7 bombardier beetles
  A bullfrog zombie (D:7)
  2 human zombies
  3 jellies
  2 lava snakes (Lair:3)
  2 bullfrog skeletons (D:7)
  5 centaur zombies
  25 orc priests
  2 gnoll boudas
  3 hounds
  2 iguanas
  A sleepcap (D:5)
  23 orc wizards
  A killer bee zombie (D:7)
  2 naga zombies
  7 ogre zombies
  4 hound zombies (Ossuary)
  2 mummies
  11 adders
  25 gnolls
  A shadow imp (D:5)
  3 white imps (D:6)
  3 ufetubi
  6 adder zombies (Ossuary)
  A ribbon worm (D:3)
  2 dart slugs (D:1)
  78 orcs
  7 endoplasms
  4 giant cockroaches
  8 gnoll zombies
  2 goblins (D:1)
  6 hobgoblins
  19 kobolds
  2 quokkas
  11 ball pythons
  2 bats
  3 frilled lizards
  6 gnoll skeletons (D:11)
  4 jackal zombies (Ossuary)
  5 kobold zombies (Ossuary)
  2 orc skeletons (D:11)
  16 orc zombies
  3 rats
  9 aspiring fleshes
  A ball lightning (Elf:3)
  2 butterflies (Vaults:1)
2381 creatures vanquished.

Vanquished Creatures (collateral kills)
  An ogre mage (Orc:2)
  2 two-headed ogres
  4 naga sharpshooters
  A naga ritualist (Snake:1)
  An orc knight (D:15)
  A salamander (Snake:3)
  A kobold blastminer (Orc:2)
  3 nagas
  2 orc warriors
  An ogre (Orc:2)
  An elf zombie (Ossuary)
  A bombardier beetle (D:4)
  A centaur zombie (Ossuary)
  2 orc priests (D:15)
  An orc wizard (Orc:2)
  A hound zombie (Ossuary)
  A mummy (Ossuary)
  4 orcs (Orc:2)
  A giant cockroach (D:4)
  A jackal zombie (Ossuary)
  4 ball lightnings
35 creatures vanquished.

Vanquished Creatures (others)
  2 thorn hunters (Swamp:2)
  A shambling mangrove (Swamp:3)
  A spriggan air mage (Swamp:2)
  A spriggan berserker (Swamp:2)
  A goliath frog (Swamp:2)
  A spriggan druid (Swamp:4)
  A bog body (Swamp:2)
  4 hornets
  A tyrant leech (Swamp:2)
  A bloated husk (Swamp:2)
  A spriggan (Swamp:2)
  28 dancing weapons
  An orc (Orc:1)
  A giant cockroach (D:3)
  A kobold (D:10)
  75 ball lightnings
  12 foxfires
133 creatures vanquished.

Grand Total: 2549 creatures vanquished

Notes
Turn   | Place    | Note
-------+----------+-------------------------------------------
     0 | D:1      | cforsyth the Djinni Enchanter began the quest for the Orb.
     0 | D:1      | cforsyth set off with the following spells memorised:
                  | Ensorcelled Hibernation, Confusing Touch, Tukima's Dance,
                  | Dazzling Flash.
     0 | D:1      | Reached XP level 1. HP: 15/15 MP: 0/0
    95 | D:1      | Reached XP level 2. HP: 16/22 MP: 0/0
   209 | D:1      | Reached skill level 1 in Fighting
   553 | D:1      | Reached XP level 3. HP: 27/27 MP: 0/0
   553 | D:1      | Learned a level 1 spell: Shock
  1004 | D:2      | Found Eborau's General Store.
  1059 | D:2      | Reached XP level 4. HP: 32/33 MP: 0/0
  1313 | D:2      | Found a faded altar of an unknown god.
  1763 | D:4      | Reached XP level 5. HP: 17/40 MP: 0/0
  1763 | D:4      | Learned a level 2 spell: Call Imp
  1768 | D:4      | HP: 2/40 [quokka (1)]
  1772 | D:4      | Gained mutation: You are partially covered in iridescent
                  | scales. (AC +2) [potion of mutation]
  1772 | D:4      | Gained mutation: You are somewhat resistant to further
                  | mutation. [potion of mutation]
  1825 | D:4      | Found a white marble altar of Elyvilon.
  1873 | D:4      | Noticed a phantom
  1892 | D:4      | Killed a phantom
  1893 | D:4      | Reached XP level 6. HP: 18/47 MP: 0/0
  1967 | D:4      | Found a sand-covered staircase.
  2062 | Ossuary  | Entered an ossuary
  2718 | Ossuary  | Reached XP level 7. HP: 46/53 MP: 0/0
  2718 | Ossuary  | Learned a level 3 spell: Frozen Ramparts
  2754 | Ossuary  | Reached skill level 5 in Fighting
  2793 | Ossuary  | Reached skill level 5 in Spellcasting
  2793 | Ossuary  | Reached skill level 5 in Conjurations
  2793 | Ossuary  | Reached skill level 5 in Hexes
  2793 | Ossuary  | Reached skill level 5 in Summonings
  2793 | Ossuary  | Reached skill level 5 in Necromancy
  2793 | Ossuary  | Reached skill level 5 in Translocations
  2793 | Ossuary  | Reached skill level 5 in Fire Magic
  2793 | Ossuary  | Reached skill level 5 in Ice Magic
  2793 | Ossuary  | Reached skill level 5 in Air Magic
  2793 | Ossuary  | Reached skill level 5 in Earth Magic
  2793 | Ossuary  | Reached skill level 5 in Alchemy
  3277 | Ossuary  | Reached XP level 8. HP: 47/61 MP: 0/0
  3522 | D:4      | Found a glowing golden altar of the Shining One.
  3523 | D:4      | Found an opulent altar of Gozag.
  3525 | D:4      | Found a snail-covered altar of Cheibriados.
  3525 | D:4      | Found a shadowy altar of Dithmenos.
  3528 | D:4      | Found a hide-covered altar of Uskayaw.
  3528 | D:4      | Found a sparkling altar of Nemelex Xobeh.
  3531 | D:4      | Found a runed translucent door.
  3531 | D:4      | Found a stormy altar of Qazlal.
  3772 | D:4      | Noticed PriceMaster's ghost (amateur OpEE)
  5379 | D:5      | Entered Level 5 of the Dungeon
  5386 | D:5      | Noticed Menkaure
  5400 | D:5      | Noticed Blork the orc
  5432 | D:5      | Noticed Sigmund
  6091 | D:5      | Killed Sigmund
  6257 | D:5      | Reached XP level 9. HP: 53/68 MP: 0/0
  6257 | D:5      | Learned a level 3 spell: Stone Arrow
  6273 | D:5      | Noticed Azoth's ghost (novice OpSh)
  6331 | D:5      | Found a transporter.
  6806 | D:5      | Killed Menkaure
  6881 | D:5      | Killed Blork the orc
  6961 | D:5      | Found a transporter.
  7185 | D:5      | Noticed Edmund
  7191 | D:5      | Killed Edmund
  7924 | D:6      | Noticed Maggie
  7936 | D:6      | Killed Maggie
  7937 | D:6      | Reached XP level 10. HP: 64/79 MP: 0/0
  8445 | D:7      | Noticed Dowan
  8450 | D:7      | Noticed Duvessa
  8469 | D:7      | Killed Dowan
  8533 | D:7      | Reached skill level 10 in Fighting
  9024 | D:7      | Noticed a cyclops
  9183 | D:7      | Killed a cyclops
  9234 | D:7      | Killed Duvessa
  9917 | D:7      | Found a staircase to the Ecumenical Temple.
  9926 | Temple   | Found a transporter.
  9926 | Temple   | Found a transporter.
  9926 | Temple   | Found a transporter.
  9926 | Temple   | Found a transporter.
  9926 | Temple   | Entered the Ecumenical Temple
  9941 | Temple   | Became a worshipper of Fedhas Madash
 10604 | D:8      | Reached XP level 11. HP: 78/87 MP: 0/0
 10604 | D:8      | Learned a level 4 spell: Passage of Golubria
 10668 | D:8      | Noticed a two-headed ogre
 10674 | D:8      | Killed a two-headed ogre
 10688 | D:8      | Reached * piety under Fedhas
 11657 | D:9      | Reached ** piety under Fedhas
 12353 | D:9      | Identified 2 scrolls of acquirement
 12393 | D:9      | Noticed a two-headed ogre
 12405 | D:9      | Killed a two-headed ogre
 12579 | D:9      | Reached skill level 10 in Spellcasting
 12579 | D:9      | Reached skill level 10 in Conjurations
 12579 | D:9      | Reached skill level 10 in Hexes
 12579 | D:9      | Reached skill level 10 in Summonings
 12579 | D:9      | Reached skill level 10 in Necromancy
 12579 | D:9      | Reached skill level 10 in Translocations
 12579 | D:9      | Reached skill level 10 in Fire Magic
 12579 | D:9      | Reached skill level 10 in Ice Magic
 12579 | D:9      | Reached skill level 10 in Air Magic
 12579 | D:9      | Reached skill level 10 in Earth Magic
 12579 | D:9      | Reached skill level 10 in Alchemy
 13131 | D:9      | Acquired the amulet "Raitumob" {Faith rPois rC+ rCorr
                  | Int+5}
 13132 | D:9      | Acquired 278 gold pieces
 13181 | D:10     | Entered Level 10 of the Dungeon
 13228 | D:10     | Noticed Josephine
 13229 | D:10     | Reached *** piety under Fedhas
 13532 | D:10     | Found Walosm's Book Shop.
 13796 | D:10     | Noticed Fannar
 13814 | D:9      | Killed Fannar
 14402 | D:10     | Noticed a two-headed ogre
 14406 | D:10     | Killed a two-headed ogre
 14407 | D:10     | Reached XP level 12. HP: 81/98 MP: 0/0
 14944 | D:10     | Killed Josephine
 15348 | D:11     | Noticed a two-headed ogre
 15351 | D:11     | Killed a two-headed ogre
 15352 | D:11     | Noticed a two-headed ogre
 15352 | D:11     | Found a gate leading to a gauntlet.
 15374 | D:11     | Killed a two-headed ogre
 15376 | Gauntlet | Entered a Gauntlet
 15376 | Gauntlet | Found a transporter.
 15529 | Gauntlet | Found a transporter.
 15544 | Gauntlet | Found a transporter.
 15546 | Gauntlet | Found a large runed translucent door.
 15546 | Gauntlet | Found a large runed translucent door.
 15547 | Gauntlet | Found a large runed translucent door.
 15547 | Gauntlet | Found a large runed translucent door.
 15548 | Gauntlet | Found a large runed translucent door.
 15548 | Gauntlet | Found a large runed translucent door.
 15548 | Gauntlet | Found a runed translucent door.
 15548 | Gauntlet | Found a runed translucent door.
 15548 | Gauntlet | Found a large runed translucent door.
 15549 | Gauntlet | Found a transporter.
 15568 | Gauntlet | Found a transporter.
 15582 | Gauntlet | Found a large runed translucent door.
 15583 | Gauntlet | Found a large runed translucent door.
 15584 | Gauntlet | Found a large runed translucent door.
 15584 | Gauntlet | Found a large runed translucent door.
 15585 | Gauntlet | Found a runed translucent gate.
 15586 | Gauntlet | Found a transporter.
 15586 | Gauntlet | Found a runed translucent gate.
 15587 | Gauntlet | Found a runed translucent gate.
 15588 | Gauntlet | Found a large runed translucent door.
 15588 | Gauntlet | Found a large runed translucent door.
 15589 | Gauntlet | Found a large runed translucent door.
 15590 | Gauntlet | Found a large runed translucent door.
 15598 | Gauntlet | Found a transporter.
 15610 | Gauntlet | Found a transporter.
 15613 | Gauntlet | Noticed a reaper
 15619 | Gauntlet | Noticed a dire elephant
 15622 | Gauntlet | Found a transporter.
 15634 | Gauntlet | Found a transporter.
 15640 | Gauntlet | Found a transporter.
 15640 | Gauntlet | Found a transporter.
 15679 | Gauntlet | Found a transporter.
 15705 | Gauntlet | Found a transporter.
 15707 | Gauntlet | Found a transporter.
 15727 | Gauntlet | Found a transporter.
 15801 | Gauntlet | Found a large runed translucent door.
 15805 | Gauntlet | Found a transporter.
 15825 | Gauntlet | Found a transporter.
 16559 | Gauntlet | Identified the ring of Moral Flaws {Fire Str+3 Dex-4
                  | Stlth+}
 16672 | Gauntlet | Reached **** piety under Fedhas
 16990 | Gauntlet | Identified the ring of Pag Hame {rElec Will++ Str+2 Int-2
                  | Dex+6}
 17004 | Gauntlet | Noticed a minotaur
 17010 | Gauntlet | Killed a minotaur
 17177 | D:11     | Noticed a fire crab
 17185 | D:11     | Killed a fire crab
 17257 | D:11     | Found a staircase to the Lair.
 17427 | D:11     | Found a transporter.
 17445 | D:11     | Noticed a two-headed ogre
 17453 | D:11     | Killed a two-headed ogre
 17630 | D:11     | Reached XP level 13. HP: 97/106 MP: 0/0
 17630 | D:11     | Learned a level 5 spell: Yara's Violent Unravelling
 17679 | D:11     | You are sucked into a shaft and drop 2 floors!
 18117 | D:12     | Reached skill level 15 in Fighting
 19162 | D:11     | Found a staircase to the Orcish Mines.
 19169 | D:11     | Reached ***** piety under Fedhas
 20310 | D:11     | Found a transporter.
 21648 | Lair:1   | Entered Level 1 of the Lair of Beasts
 22863 | Lair:2   | Noticed an eight-headed hydra
 22876 | Lair:2   | Killed an eight-headed hydra
 22963 | Lair:2   | Noticed Amaemon
 23331 | Lair:2   | Killed Amaemon
 24419 | Lair:2   | Reached XP level 14. HP: 92/117 MP: 0/0
 24485 | Lair:2   | Reached ****** piety under Fedhas
 24918 | Lair:3   | Found a staircase to the Snake Pit.
 25555 | Lair:3   | Found a staircase to the Swamp.
 27687 | Lair:4   | Found a viscous altar of Jiyva.
 27688 | Lair:4   | Found a staircase to the Slime Pits.
 28447 | Lair:5   | Entered Level 5 of the Lair of Beasts
 29980 | Lair:4   | Reached XP level 15. HP: 88/126 MP: 0/0
 29980 | Lair:4   | Learned a level 6 spell: Conjure Ball Lightning
 30143 | Lair:4   | Found a viscous altar of Jiyva.
 30144 | Lair:4   | Found a staircase to the Slime Pits.
 33535 | Orc:1    | Entered Level 1 of the Orcish Mines
 34195 | Orc:1    | You are sucked into a shaft and drop 1 floor!
 34195 | Orc:2    | Entered Level 2 of the Orcish Mines
 34197 | Orc:2    | Found a staircase to the Elven Halls.
 34506 | Orc:2    | Reached skill level 5 in Dodging
 34902 | Orc:2    | Found Kurhohenk's Jewellery Emporium.
 37900 | Orc:2    | Found Vestreom's Weapon Shoppe.
 37931 | Orc:2    | Found Unuilonu's Book Shoppe.
 37961 | Orc:2    | Found Fielegal's Antique Armour Emporium.
 38225 | Orc:2    | Bought a glowing scarf for 224 gold pieces
 38632 | D:4      | Killed PriceMaster's ghost
 38633 | D:4      | Reached XP level 16. HP: 120/135 MP: 0/0
 38789 | D:5      | Killed Azoth's ghost
 39077 | D:11     | Identified the ring "Genetoadeh" {rN+ Str+2}
 39859 | D:13     | Found a gateway to a bazaar.
 39868 | Bazaar   | Entered a bazaar
 39879 | Bazaar   | Found Siduh's General Store.
 39887 | Bazaar   | Bought a scroll of teleportation for 30 gold pieces
 39899 | Bazaar   | Found Xastraul's Book Shop.
 39908 | Bazaar   | Found Ynagyh Qoos's Jewellery Shop.
 39917 | Bazaar   | Found Gaqatint's Antique Weapon Emporium.
 39934 | Bazaar   | Bought the ring "Hourug" {EV+5 SInv Stlth+} for 900 gold
                  | pieces
 40810 | D:13     | Reached skill level 15 in Spellcasting
 40810 | D:13     | Reached skill level 15 in Conjurations
 40810 | D:13     | Reached skill level 15 in Hexes
 40810 | D:13     | Reached skill level 15 in Summonings
 40810 | D:13     | Reached skill level 15 in Necromancy
 40810 | D:13     | Reached skill level 15 in Translocations
 40810 | D:13     | Reached skill level 15 in Fire Magic
 40810 | D:13     | Reached skill level 15 in Ice Magic
 40810 | D:13     | Reached skill level 15 in Air Magic
 40810 | D:13     | Reached skill level 15 in Earth Magic
 40810 | D:13     | Reached skill level 15 in Alchemy
 41778 | D:14     | Found a gate to the Vaults.
 43075 | D:14     | Noticed Louise
 43696 | D:14     | Noticed Kirke
 44088 | D:14     | Killed Louise
 44521 | D:15     | Entered Level 15 of the Dungeon
 45058 | D:15     | Found a blossoming altar of Fedhas.
 45128 | D:15     | Killed Kirke
 45894 | D:15     | Found a staircase to the Depths.
 46979 | D:15     | Reached XP level 17. HP: 141/146 MP: 0/0
 46979 | D:15     | Learned a level 6 spell: Dispersal
 47709 | D:15     | Reached skill level 10 in Dodging
 48615 | D:15     | Found a staircase to the Depths.
 48723 | D:15     | Found a blossoming altar of Fedhas.
 49201 | Snake:1  | Entered Level 1 of the Snake Pit
 51220 | Snake:2  | Found Estuc's General Store.
 51223 | Snake:2  | Bought a potion of haste for 130 gold pieces
 51223 | Snake:2  | Bought a scroll of teleportation for 39 gold pieces
 51223 | Snake:2  | Bought a scroll of teleportation for 39 gold pieces
 58453 | Snake:3  | Found Zepregg's General Store.
 58648 | Snake:3  | Reached XP level 18. HP: 151/156 MP: 0/0
 60056 | Snake:4  | Entered Level 4 of the Snake Pit
 60982 | Snake:4  | Reached skill level 1 in Shields
 61851 | Snake:4  | Identified the serpent talisman "Zockas" {rElec Dex+2}
 61851 | Snake:4  | Noticed Aizul
 61865 | Snake:4  | Killed Aizul
 65827 | Snake:4  | Got a serpentine rune of Zot
 66326 | Swamp:1  | Entered Level 1 of the Swamp
 66404 | Swamp:1  | Reached skill level 5 in Shields
 66404 | Swamp:1  | Reached XP level 19. HP: 126/164 MP: 0/0
 66404 | Swamp:1  | Learned a level 6 spell: Eringya's Noxious Bog
 66411 | Swamp:1  | Found a glacial archway.
 66684 | IceCv    | Entered an ice cave
 68400 | IceCv    | Noticed a lich
 68407 | IceCv    | Killed a lich
 69774 | Swamp:1  | Noticed Mlioglotl
 69778 | Swamp:1  | Noticed a dread lich
 69820 | Swamp:1  | Noticed a bone dragon
 69825 | Lair:3   | Killed Mlioglotl
 71015 | Swamp:2  | Noticed Frances
 71039 | Swamp:2  | Killed Frances
 71502 | Swamp:2  | Found a transporter.
 71619 | Swamp:2  | Noticed Virumoce's ghost (adept OpSu)
 71621 | Swamp:2  | Noticed a tentacled monstrosity
 71656 | Swamp:2  | Found a transporter.
 73543 | Swamp:2  | Killed Virumoce's ghost
 73898 | Swamp:2  | Found a transporter.
 73904 | Swamp:2  | Found a transporter.
 74051 | Swamp:2  | Killed a tentacled monstrosity
 74241 | Swamp:3  | Found a runed translucent gate.
 74241 | Swamp:3  | Found a runed translucent gate.
 74241 | Swamp:3  | Found a runed translucent gate.
 74244 | Swamp:3  | Noticed Leufodd's ghost (adept VSCK)
 75272 | Swamp:3  | Killed Leufodd's ghost
 76189 | Swamp:4  | Entered Level 4 of the Swamp
 77184 | Swamp:3  | Reached XP level 20. HP: 123/171 MP: 0/0
 77747 | Swamp:4  | Noticed Nikola
 77765 | Swamp:4  | Identified the ring "Mokkaew" {rElec Int+6 Dex+4 Slay-3
                  | SInv}
 78621 | Swamp:3  | Killed Nikola
 79022 | Swamp:4  | Reached skill level 15 in Dodging
 82161 | Swamp:4  | Noticed a tentacled monstrosity
 82478 | Swamp:4  | Got a decaying rune of Zot
 82518 | Swamp:4  | Killed a tentacled monstrosity
 83259 | Vaults:1 | Entered Level 1 of the Vaults
 84740 | Vaults:1 | Noticed Zenata
 90553 | Vaults:1 | Found a huge runed translucent gate.
 90553 | Vaults:1 | Found a huge runed translucent gate.
 90553 | Vaults:1 | Found a huge runed translucent gate.
 90553 | Vaults:1 | Found a huge runed translucent gate.
 90554 | Vaults:1 | Found a huge runed translucent gate.
 90555 | Vaults:1 | Found a huge runed translucent gate.
 90555 | Vaults:1 | Found a huge runed translucent gate.
 90556 | Vaults:1 | Found a huge runed translucent gate.
 90556 | Vaults:1 | Found a huge runed translucent gate.
 90557 | Vaults:1 | Found a huge runed translucent gate.
 90557 | Vaults:1 | Found a huge runed translucent gate.
 90557 | Vaults:1 | Found a huge runed translucent gate.
 90558 | Vaults:1 | Found a huge runed translucent gate.
 90559 | Vaults:1 | Found a huge runed translucent gate.
 90560 | Vaults:1 | Found a huge runed translucent gate.
 90561 | Vaults:1 | Found a huge runed translucent gate.
 90562 | Vaults:1 | Found a huge runed translucent gate.
 90562 | Vaults:1 | Found a huge runed translucent gate.
 90567 | Vaults:1 | Found a huge runed translucent gate.
 90568 | Vaults:1 | Found a huge runed translucent gate.
 90568 | Vaults:1 | Found a huge runed translucent gate.
 90568 | Vaults:1 | Found a huge runed translucent gate.
 90568 | Vaults:1 | Found a huge runed translucent gate.
 90570 | Vaults:1 | Found a huge runed translucent gate.
 90571 | Vaults:1 | Found a huge runed translucent gate.
 90572 | Vaults:1 | Found a huge runed translucent gate.
 90572 | Vaults:1 | Found a huge runed translucent gate.
 90577 | Vaults:1 | Found a huge runed translucent gate.
 90578 | Vaults:1 | Found a huge runed translucent gate.
 90578 | Vaults:1 | Found a huge runed translucent gate.
 90578 | Vaults:1 | Found a huge runed translucent gate.
 90578 | Vaults:1 | Found a huge runed translucent gate.
 90580 | Vaults:1 | Found a huge runed translucent gate.
 90581 | Vaults:1 | Found a huge runed translucent gate.
 90582 | Vaults:1 | Found a huge runed translucent gate.
 90582 | Vaults:1 | Found a huge runed translucent gate.
 90842 | Vaults:1 | Found Cuhoy's General Store.
 92743 | Vaults:1 | Reached XP level 21. HP: 137/179 MP: 0/0
 92743 | Vaults:1 | Learned a level 8 spell: Lehudib's Crystal Spear
 93630 | Vaults:2 | Reached skill level 10 in Shields
 94047 | Vaults:1 | Killed Zenata
 96541 | Vaults:1 | Found Cuhoy's General Store.
 96636 | Vaults:1 | Found a huge runed translucent gate.
 96637 | Vaults:1 | Found a huge runed translucent gate.
 96638 | Vaults:1 | Found a huge runed translucent gate.
 96639 | Vaults:1 | Found a huge runed translucent gate.
 96640 | Vaults:1 | Found a huge runed translucent gate.
 96641 | Vaults:1 | Found a huge runed translucent gate.
 96642 | Vaults:1 | Found a huge runed translucent gate.
 96643 | Vaults:1 | Found a huge runed translucent gate.
 96644 | Vaults:1 | Found a huge runed translucent gate.
 96645 | Vaults:1 | Found a huge runed translucent gate.
 96645 | Vaults:1 | Found a huge runed translucent gate.
 96650 | Vaults:1 | Found a huge runed translucent gate.
 96651 | Vaults:1 | Found a huge runed translucent gate.
 96651 | Vaults:1 | Found a huge runed translucent gate.
 96651 | Vaults:1 | Found a huge runed translucent gate.
 96651 | Vaults:1 | Found a huge runed translucent gate.
 96653 | Vaults:1 | Found a huge runed translucent gate.
 96654 | Vaults:1 | Found a huge runed translucent gate.
 96655 | Vaults:1 | Found a huge runed translucent gate.
 96655 | Vaults:1 | Found a huge runed translucent gate.
 96660 | Vaults:1 | Found a huge runed translucent gate.
 97104 | Vaults:2 | Found Amahaklo's Armour Boutique.
 97104 | Vaults:2 | Noticed Jory
 97112 | Vaults:2 | Killed Jory
 97610 | Vaults:2 | Glimpsed the power of Zot.
 98577 | Vaults:3 | Noticed Xtahua
 98852 | Vaults:3 | Noticed Saint Roka
 98860 | Vaults:3 | Killed Saint Roka
 99595 | Vaults:3 | You are sucked into a shaft and drop 1 floor!
 99642 | Vaults:3 | Killed Xtahua
 99643 | Vaults:3 | Reached XP level 22. HP: 41/187 MP: 0/0
100597 | Vaults:4 | Identified the +0 leather armour of Zapt {Regen+}
100721 | Vaults:4 | Identified the +1 pair of gloves "Filout" {MP+9}
102033 | Vaults:2 | Found a staircase to the Crypt.
103000 | Elf:1    | Entered Level 1 of the Elven Halls
104224 | Elf:2    | Found a runed translucent gate.
104225 | Elf:2    | Found a runed translucent gate.
104234 | Elf:2    | Found a runed translucent gate.
104270 | Elf:2    | Reached XP level 23. HP: 120/195 MP: 0/0
104270 | Elf:2    | Learned a level 8 spell: Borgnjor's Revivification
104647 | Elf:2    | Found Kogios's Armour Shoppe.
104888 | Elf:2    | Reached skill level 1 in Armour
106435 | Elf:2    | Identified the blade talisman of a wizard's laboratory
                  | {rElec rC+ rCorr Dex-3}
106573 | Elf:3    | Entered Level 3 of the Elven Halls
107168 | Elf:3    | Paralysed by an air elemental for 1 turns
107787 | Elf:3    | Identified the ring "Foamel" {Dex+6 Stlth+}
108257 | Elf:3    | Reached skill level 5 in Armour
108377 | Elf:3    | Identified the +1 leather armour of Toury {rC++}
108550 | Elf:3    | Identified the ring "Ceugg" {EV+5 Str+2 Int+4 Dex-5 Slay+2}
108619 | Elf:3    | Identified the +1 great sword "Demonbane" {freeze, rF+
                  | Str+5 Stlth+}
108619 | Elf:3    | Found the necklace of Bloodlust {Fury *Rage Will++ Int-3
                  | Slay+6}
108705 | Elf:3    | Identified the staff "Fish" {rPois rC- rN+ Air Alchemy}
108713 | Elf:3    | Identified the +2 pair of boots "Atefuusy" {rN+ Str+5}
109198 | Crypt:1  | Entered Level 1 of the Crypt
109831 | Crypt:1  | Reached XP level 24. HP: 181/204 MP: 0/0
110013 | Crypt:1  | Identified the maw talisman of the Solstice {rCorr Stlth+}
111093 | Crypt:2  | Noticed Donald
111096 | Crypt:2  | Killed Donald
111615 | Crypt:3  | Entered Level 3 of the Crypt
112088 | Crypt:3  | Noticed Khufu
112098 | Crypt:3  | Noticed a royal mummy
112101 | Crypt:3  | Killed Khufu
112104 | Crypt:3  | Killed a royal mummy
112135 | Crypt:3  | Noticed a royal mummy
112138 | Crypt:3  | Killed a royal mummy
112290 | Crypt:3  | Found a basalt altar of Yredelemnul.
112291 | Crypt:3  | Identified the +8 great mace "Gupedet" {flame, rF+ Str+3}
112351 | Crypt:3  | Noticed an ancient lich
112354 | Crypt:3  | Killed an ancient lich
112565 | Crypt:3  | Noticed Sojobo
112572 | Crypt:3  | Killed Sojobo
112917 | Crypt:3  | Found a staircase to the Tomb.
112926 | Crypt:3  | Identified the staff of Mud Otib {rN+ rCorr Summ Necro}
112926 | Crypt:3  | Identified the death talisman "Dadimpesm" {Int+2}
114051 | Depths:1 | Entered Level 1 of the Depths
114876 | Depths:1 | Reached XP level 25. HP: 205/212 MP: 0/0
114876 | Depths:1 | Learned a level 8 spell: Disjunction
115343 | Depths:1 | Found a sparkling altar of Nemelex Xobeh.
115471 | Depths:1 | Found Arue's Book Boutique.
115478 | Depths:1 | Reached skill level 27 in Fighting
115581 | Depths:1 | Found a gateway to Hell.
115644 | Depths:1 | Identified the +4 demon blade of Irghinye {venom, Will+}
115713 | Depths:1 | Found a one-way gate leading to the halls of Pandemonium.
116218 | Depths:2 | Noticed Asterion
116221 | Depths:2 | Killed Asterion
116592 | Depths:2 | Identified the +7 scimitar of Imyuteito {flame, Dex+4 SInv}
116593 | Depths:2 | Noticed a dread lich
116598 | Depths:2 | Killed a dread lich
117089 | Depths:2 | HP: 9/214 [spriggan air mage/the air (34)]
117104 | Depths:2 | HP: 6/214 [spriggan air mage/bolt of lightning (10)]
117108 | Depths:2 | HP: 1/214 [spore (15)]
117520 | Depths:2 | Found a one-way gateway to a ziggurat.
117908 | Depths:3 | Found Ejotod's Book Shoppe.
118051 | Depths:3 | Found Gozag's Assorted Antiques.
118057 | Depths:3 | Found an opulent altar of Gozag.
118060 | Depths:3 | Found Gozag's Antique Weapon Shop.
118220 | Depths:3 | Reached XP level 26. HP: 184/221 MP: 0/0
118667 | Depths:3 | Identified the +1 leather armour of Ehurr {^Drain rF++ rN+
                  | Will+}
118744 | Depths:3 | Identified the +1 flail "Ryon" {venom, rElec}
118806 | Depths:3 | Found Gozag's Antique Weapon Shop.
119253 | Depths:3 | Found a one-way gate to the infinite horrors of the Abyss.
119308 | Depths:4 | Entered Level 4 of the Depths
119308 | Depths:4 | Found a broken altar of Ashenzari.
119358 | Depths:4 | Found Leij's Book Emporium.
119361 | Depths:4 | Found Wigash's Jewellery Shoppe.
119363 | Depths:4 | Found Fit Othra's Assorted Antiques.
119404 | Depths:4 | Noticed a juggernaut
119409 | Depths:4 | Killed a juggernaut
121234 | Depths:4 | Found a gate to the Realm of Zot.
121979 | Vaults:5 | Entered Level 5 of the Vaults
123578 | Vaults:5 | Noticed an ancient lich
123757 | Vaults:5 | Killed an ancient lich
123758 | Vaults:5 | Reached XP level 27. HP: 214/228 MP: 0/0
123758 | Vaults:5 | Learned a level 9 spell: Shatter
123916 | Vaults:5 | Found the +3 salamander hide armour {Flames, rFlCloud rF++
                  | rC--}
124526 | Vaults:5 | Noticed a dread lich
124529 | Vaults:5 | Killed a dread lich
124768 | Vaults:5 | Noticed an ancient lich
124770 | Vaults:5 | Killed an ancient lich
124935 | Vaults:5 | Identified the +11 arbalest of Yredelemnul {drain, Int+3
                  | Stlth+}
124987 | Vaults:5 | Acquired 557 gold pieces
125038 | Vaults:5 | Got a silver rune of Zot
125059 | Vaults:5 | Identified the +5 war axe "Reisotok" {freeze, Int+4 Stlth+}
125108 | Vaults:5 | Identified the +0 ring mail of Ofibung {rC+}
125109 | Vaults:5 | Identified the staff of the Viper {rC+ Str+9 Dex-4 SInv
                  | Ice}
125137 | Vaults:5 | Identified the +0 storm dragon scales "Iskarerhes" {^Contam
                  | rElec rPois Dex+3 SInv}
125138 | Vaults:5 | Identified the staff "Ogoany" {rElec Int+2 Earth}
125142 | Vaults:5 | Identified the ring of Jorhi {rF+ Dex+3}
125246 | Vaults:5 | Identified the +3 buckler of Snakes and Ladders {Dex+3}
125827 | Vaults:5 | Found the +2 Maxwell's thermic engine {flame, freeze, rev}
126457 | Zot:1    | Entered Level 1 of the Realm of Zot
126463 | Zot:1    | Noticed an ancient lich
126465 | Zot:1    | Killed an ancient lich
126465 | Zot:1    | Noticed an ancient lich
126875 | Zot:1    | Killed an ancient lich
128946 | Zot:2    | Gained mutation: Your body sometimes deteriorates upon
                  | taking damage. [mutagenic glow]
130723 | Zot:3    | Reached skill level 27 in Spellcasting
130723 | Zot:3    | Reached skill level 27 in Conjurations
130723 | Zot:3    | Reached skill level 27 in Hexes
130723 | Zot:3    | Reached skill level 27 in Summonings
130723 | Zot:3    | Reached skill level 27 in Necromancy
130723 | Zot:3    | Reached skill level 27 in Translocations
130723 | Zot:3    | Reached skill level 27 in Fire Magic
130723 | Zot:3    | Reached skill level 27 in Ice Magic
130723 | Zot:3    | Reached skill level 27 in Air Magic
130723 | Zot:3    | Reached skill level 27 in Earth Magic
130723 | Zot:3    | Reached skill level 27 in Alchemy
131666 | Zot:3    | Found the +9 sword of Power {lifebolt}
133385 | Zot:5    | Entered Level 5 of the Realm of Zot
134001 | Zot:5    | Noticed an orb of fire
134007 | Zot:5    | Killed an orb of fire
134016 | Zot:5    | Noticed a dread lich
134017 | Zot:5    | Killed a dread lich
134021 | Zot:5    | Noticed a Killer Klown
134023 | Zot:5    | Killed a Killer Klown
134025 | Zot:5    | Noticed an orb of fire
134195 | Zot:5    | Gained mutation: Your spells are a little easier to cast,
                  | but a little less powerful. [an orb of fire]
134196 | Zot:5    | Noticed an orb of fire
134253 | Zot:5    | Noticed a dread lich
134256 | Zot:5    | Killed an orb of fire
134257 | Zot:5    | Reached skill level 10 in Armour
134326 | Zot:5    | Killed a dread lich
134457 | Zot:5    | Killed an orb of fire
134622 | Zot:5    | Noticed an orb of fire
134623 | Zot:5    | Gained mutation: You occasionally shout uncontrollably at
                  | your foes. [an orb of fire]
134627 | Zot:5    | Gained mutation: You are clumsy. (Dex -2) [an orb of fire]
134631 | Zot:5    | Killed an orb of fire
135154 | Zot:5    | Noticed an orb of fire
135161 | Zot:5    | Killed an orb of fire
135369 | Zot:5    | Noticed a dread lich
135371 | Zot:5    | Killed a dread lich
135618 | Zot:5    | Noticed a Killer Klown
135621 | Zot:5    | Killed a Killer Klown
135866 | Zot:5    | Noticed an orb of fire
136370 | Zot:5    | Lost mutation: Your body sometimes deteriorates upon taking
                  | damage. [an orb of fire]
136489 | Zot:5    | Killed an orb of fire
137340 | Zot:5    | Got the Orb of Zot
137862 | D:1      | Noticed Eloaskem the pandemonium lord
137869 | D:1      | Killed Eloaskem the pandemonium lord
137896 | D:$      | Escaped with the Orb!

Illustrated notes

Levels and vault maps discovered:
D:1:      evilmike_arrival_come_back, layout_loops_corners
D:2:      layout_rooms, nicolae_ecumenical_snake_handling, serial_shops, shop,
          minmay_heptomino_d4
D:3:      layout_rooms, lemuel_flame_loot_1
D:4:      layout_cave_pools, mainiacjoe_overflow_chevrons,
          grunt_temple_overflow_open, ebering_ghost_reflecting_pool,
          nicolae_ossuary_entry_plus
D:5:      layout_basic, gammafunk_ghost_arena, uniq_menkaure, uniq_edmund,
          uniq_sigmund, uniq_blork_the_orc
D:6:      layout_loops_cross, hex_medium, kennysheep_big_empty_room, uniq_maggie
D:7:      minmay_clustersquares, layout_cave_pools,
          lemuel_mausoleum_altar_kikubaaqudgha, minmay_temple_entry_mini_moons,
          chequers_decorated_corner, corexii_item_surrounded_by_moat,
          ebering_dispersal_statue_hall, uniq_duvessa
D:8:      layout_basic
D:9:      layout_basic
D:10:     layout_roguey, serial_shops, nicolae_stop_n_shop_2, uniq_fannar,
          uniq_josephine
D:11:     gammafunk_worm_tunnel, layout_loops_ring, minmay_lair_entry_lava,
          zombieorc2_lemuel, gauntlet_entry_generic, grunt_ministairs_7
D:12:     layout_roguey, serial_curves, eino_curves_04, eino_curves_02
D:13:     layout_irregular_city, serial_shops, bzr_entry_customers,
          nrook_guardian_serpent_ordinary
D:14:     layout_small_grid, skrybe_vaults_entry_preservation,
          kennysheep_path_1, uniq_kirke, uniq_louise
D:15:     gammafunk_depths_entry_grave, layout_long_grid,
          fedhas_altar_fruit_tree, minmay_the_grid_2x2 [minmay_the_grid_tree,
          minmay_the_grid_zigzag_pyramid, minmay_the_grid_fan,
          minmay_the_grid_prize_four_corners]
Temple:   hellmonk_temple_divided_pantheon
Lair:1:   layout_cave_pods, enter_volcano_4
Lair:2:   cheibrodos_lair_overgrown_chateau, layout_chaotic_city,
          infiniplex_staircase_pool, lemuel_fruit_tree, uniq_amaemon
Lair:3:   layout_regular_city, swamp_mist, nicolae_snake_entry_warm_welcome,
          nzn_random_ring
Lair:4:   layout_long_grid, minmay_slime_entry_pillars, grunt_megastairs_1
Lair:5:   grunt_lair_end_beastmaster, layout_misc_corridors, pond
Swamp:1:  layout_basic_swamp, portal_ice_cave_entry_frozen_things,
          nicolae_swamp_ascending_descending, swamp_pool_4, uniq_mlioglotl
Swamp:2:  layout_basic_swamp, gammafunk_ghost_arena,
          evilmike_swamp_ruin_house_5, swamp_pool_3, hangedman_swamp_blocks,
          nicolae_swamp_alligator_family, uniq_frances
Swamp:3:  layout_basic_swamp, gammafunk_ghost_split, hangedman_swamp_diagram,
          nicolae_swamp_round_clearing, swamp_pool_1_2,
          infiniplex_staircase_pool_2
Swamp:4:  swamp_vile, layout_basic_swamp, swamp_pool_5, uniq_nikola
Snake:1:  layout_layer_cave
Snake:2:  layout_grid_maze, serial_shops, nicolae_stop_n_shop_1,
          serial_library_hellmonk_room_a
Snake:3:  layout_honeycomb, serial_shops, shop
Snake:4:  snake_pit, layout_cave_town, uniq_aizul
Orc:1:    layout_diamond_mine
Orc:2:    st_orc_town, layout_diamond_mine, serial_shops,
          nicolae_shop_advertising_works [nicolae_subvault_shop_adworks]
Elf:1:    elf_arrival_002, layout_gridlike, minmay_elf_necromancy
Elf:2:    elven_hall_of_blades_hangedman_original
          [nicolae_blade_entry_crossed_weapons], layout_loops_corners,
          serial_shops, nicolae_shop_statue_plus
Elf:3:    minmay_elf_hall_hex, layout_geoelf_castle, minivault_4
Vaults:1: v_misc_12, nicolae_vaults_trapezoid_lopsided_3, v_rooms_1, v_misc_10,
          v_misc_24, v_misc_3, v_misc_29, nicolae_vaults_network_periphery,
          not_door_vault_mu, dpeg_vaults_pockets_of_resistance,
          layout_vaults_omnibox, serial_shops, shop, uniq_zenata
Vaults:2: st_squares, vaults_dpeg_hooks, nicolae_vaults_apartment_2,
          nicolae_vaults_shrinking_rooms_1, nicolae_vaults_trapezoid_layered,
          vaults_room_hallway, nicolae_vaults_trapezoid_1,
          minmay_crypt_entry_skeletal_spiral, nicolae_vaults_theta,
          nicolae_vaults_double_plus_1, v_misc_17, layout_vaults_chaotic_city,
          serial_shops, nicolae_shop_tiny_statue_garden, uniq_jory
Vaults:3: st_check, v_misc_17, nicolae_vaults_variable_pillar_hall,
          nicolae_vaults_surprise_closet, nicolae_vaults_storage_room_statues,
          serial_library_hellmonk_semicircle, nicolae_vaults_mini_display_case,
          nicolae_vaults_gold_heap, nicolae_vaults_more_shelving_1,
          ontoclasm_vaults_claustrophobia, nicolae_vaults_sesquioval_fish,
          v_misc_10, grunt_vaults_diagonal, vaults_dpeg_emergency_exit,
          nicolae_vaults_house_1, layout_vaults_omnigrid, uniq_xtahua,
          uniq_saint_roka
Vaults:4: nicolae_vaults_quadrants, nicolae_vaults_variable_pillar_hall,
          grunt_vaults_funnel, v_alt_pattern_3, nicolae_vaults_prndl,
          nicolae_vaults_tetromino_L_1, nicolae_vaults_inception_corners,
          hangedman_vaults_impose, nicolae_vaults_little_squares_4,
          nicolae_vaults_diamond_2, nicolae_vaults_yaktaur_gun_rack,
          grunt_vaults_hallway_long, hangedman_vaults_impose, layout_vaults_maze
Vaults:5
Crypt:1:  layout_regular_city
Crypt:2:  layout_chaotic_city, minivault_23, uniq_donald
Crypt:3:  cryptofortress_bobbens, uniq_khufu, uniq_sojobo
Depths:1: layout_small_grid, hellmouth_1, serial_shops, shop,
          rand_demon_pan_entry_5, nemelex_spade_bored_becter,
          hellmonk_sif_muna_bookshelves, roderic_lattice_octagonal_star,
          firewood_loft
Depths:2: bobbens_index_wilting_gardens, layout_cave_shapes, enter_ziggurat_b,
          grunt_pan_entry_zigzag, minmay_crystal_water, pf_coc_iceberg,
          uniq_asterion
Depths:3: kennysheep_gozag_temple, layout_basic, abyss_entry, serial_shops,
          nicolae_book_shop_shelving, hell_entry, corexii_leaking_fountain
Depths:4: lemuel_castle_with_subvaults [lemuel_castle_interior_carwin_2],
          layout_gridlike, ashenzari_conservatory_becter, hell_entry,
          minmay_shop_star
Zot:1:    hangedman_snap_crack_crunch, layout_onion_interference
Zot:2:    regret_index_malice_mire, layout_basic, st_stairs_4
Zot:3:    nicolae_moth_party, layout_gridlike, regret_index_zotdec_banners
Zot:4:    layout_twisted_circle, regret_index_zotdec_glowing_original
Zot:5:    layout_basic

Skill      XL: |  1  2  3  4  5  6  7  8  9 10 11 12 13 14 15 16 17 18 19 20 21 22 23 24 25 26 27 |
---------------+----------------------------------------------------------------------------------+-----
Spellcasting   | 3 4 5 6 7 9 10 11 12 14 15 16 17 18 19 20 22 23 27 | 27.0
Conjurations   | 3 4 5 6 7 9 10 11 12 14 15 16 17 18 19 20 22 23 27 | 27.0
Hexes          | 3 4 5 6 7 9 10 11 12 14 15 16 17 18 19 20 22 23 27 | 27.0
Summonings     | 3 4 5 6 7 9 10 11 12 14 15 16 17 18 19 20 22 23 27 | 27.0
Necromancy     | 3 4 5 6 7 9 10 11 12 14 15 16 17 18 19 20 22 23 27 | 27.0
Translocations | 3 4 5 6 7 9 10 11 12 14 15 16 17 18 19 20 22 23 27 | 27.0
Fire Magic     | 3 4 5 6 7 9 10 11 12 14 15 16 17 18 19 20 22 23 27 | 27.0
Ice Magic      | 3 4 5 6 7 9 10 11 12 14 15 16 17 18 19 20 22 23 27 | 27.0
Air Magic      | 3 4 5 6 7 9 10 11 12 14 15 16 17 18 19 20 22 23 27 | 27.0
Earth Magic    | 3 4 5 6 7 9 10 11 12 14 15 16 17 18 19 20 22 23 27 | 27.0
Alchemy        | 3 4 5 6 7 9 10 11 12 14 15 16 17 18 19 20 22 23 27 | 27.0
Fighting       | 1 2 3 4 5 7 9 11 13 14 16 17 19 21 22 23 24 25 26 27 | 27.0
Dodging        | 6 9 12 13 14 15 17 18 21 | 21.9
Shields        | 5 7 9 11 12 13 14 | 14.0
Armour         | 5 13 | 13.1
Short Blades   | |  0.8
Stealth        | |  2.4

Action                     |  1- 3 |  4- 6 |  7- 9 | 10-12 | 13-15 | 16-18 | 19-21 | 22-24 | 25-27 || total
---------------------------+-------+-------+-------+-------+-------+-------+-------+-------+-------++-------
  Melee: Dagger            |    45 |    84 |    39 |       |       |       |       |       |       ||   168
         Punch             |       |     1 |       |       |       |       |       |       |       ||     1
         Short sword       |       |       |       |    15 |    22 |    10 |       |       |       ||    47
         Staff             |       |       |       |       |       |       |     9 |     3 |     3 ||    15
   Cast: Ensorcelled Hiber |     2 |     8 |       |     1 |     9 |     5 |     8 |       |       ||    33
         Shock             |    19 |    97 |   146 |       |       |       |       |       |       ||   262
         Confusing Touch   |       |     3 |     6 |     3 |     1 |     1 |       |     1 |     9 ||    24
         Call Imp          |       |     3 |    10 |     9 |     2 |     2 |       |       |       ||    26
         Tukima's Dance    |       |       |     5 |     9 |    32 |   208 |    13 |     1 |     1 ||   269
         Frozen Ramparts   |       |       |     1 |     4 |     1 |     1 |       |       |       ||     7
         Stone Arrow       |       |       |    73 |   347 |   871 |  1009 |  1317 |   234 |    46 ||  3897
         Passage of Golubr |       |       |       |       |    14 |    29 |    18 |     1 |       ||    62
         Conjure Ball Ligh |       |       |       |       |     3 |    13 |     9 |     4 |     3 ||    32
         Yara's Violent Un |       |       |       |       |       |    25 |    39 |    13 |     6 ||    83
         Dispersal         |       |       |       |       |       |     3 |   148 |     6 |    20 ||   177
         Eringya's Noxious |       |       |       |       |       |       |     1 |       |       ||     1
         Lehudib's Crystal |       |       |       |       |       |       |   123 |   587 |   564 ||  1274
         Disjunction       |       |       |       |       |       |       |       |       |     2 ||     2
         Shatter           |       |       |       |       |       |       |       |       |   480 ||   480
         Borgnjor's Revivi |       |       |       |       |       |       |       |       |     1 ||     1
  Evoke: Wand              |       |       |       |       |       |       |     1 |       |     2 ||     3
    Use: Potion            |       |     4 |     1 |     1 |     2 |       |     6 |     2 |     7 ||    23
         Scroll            |       |       |       |    23 |     8 |    11 |    16 |     2 |     7 ||    67
   Stab: Sleeping          |     7 |     4 |       |       |       |       |     1 |       |       ||    12
         Distracted        |       |     3 |       |       |       |     1 |       |       |       ||     4
         Confused          |       |     1 |     3 |       |       |       |       |       |       ||     4
         Invisible         |       |       |     1 |       |       |       |       |       |       ||     1
 Armour: Robe              |    20 |    80 |    67 |   112 |   352 |   387 |   432 |       |       ||  1450
         Troll leather arm |       |       |       |       |       |       |    32 |   183 |   301 ||   516
  Dodge: Dodged            |    15 |    90 |    52 |    95 |   291 |   699 |   791 |   276 |   301 ||  2610
  Block: Buckler           |       |       |       |       |       |       |   213 |    39 |       ||   252
         Kite shield       |       |       |       |       |       |       |       |   145 |   233 ||   378
         Reflection        |       |       |       |       |       |       |       |    18 |    16 ||    34

Table legend: (Time is in decaauts)
 A = Elapsed time spent in this place.
 B = Non-inter-level travel time spent in this place.
 C = Inter-level travel time spent in this place.
 D = Time resting spent in this place.
 E = Time spent auto-exploring this place.
 F = Levels seen in this place.
 G = Mean time per level.
                   A        B        C        D        E       F      G
               +--------+--------+--------+--------+--------+-----+--------+
         Total | 138137 | 132195 |   5942 |  44354 |  68556 |  55 | 2511.6 |
       Dungeon |  34403 |  32343 |   2060 |  12088 |  15958 |  15 | 2293.5 |
        Temple |     36 |     36 |      0 |      0 |      0 |   1 |   36.0 |
          Lair |  13339 |  12668 |    671 |   2905 |   7996 |   5 | 2667.8 |
         Swamp |  13701 |  13346 |    355 |   4408 |   7236 |   4 | 3425.2 |
     Snake Pit |  16658 |  16273 |    385 |   6416 |   7889 |   4 | 4164.5 |
  Orcish Mines |   5237 |   4942 |    295 |   1664 |   2470 |   2 | 2618.5 |
   Elven Halls |   5348 |   4958 |    390 |    834 |   3118 |   3 | 1782.7 |
        Vaults |  21087 |  20220 |    867 |   6849 |  10638 |   5 | 4217.4 |
         Crypt |   4386 |   4250 |    136 |    719 |   2644 |   3 | 1462.0 |
        Depths |   7676 |   7137 |    539 |   1706 |   4135 |   4 | 1919.0 |
           Zot |  10454 |  10215 |    239 |   5828 |   3186 |   5 | 2090.8 |
        Bazaar |     98 |     98 |      0 |      0 |     51 |   1 |   98.0 |
       Ossuary |   1359 |   1359 |      0 |    450 |    517 |   1 | 1359.0 |
      Ice Cave |   2597 |   2597 |      0 |    269 |   1813 |   1 | 2597.0 |
      Gauntlet |   1750 |   1750 |      0 |    217 |    905 |   1 | 1750.0 |
               +--------+--------+--------+--------+--------+-----+--------+

Top non-repeatable levels by time:
Vaults:1: 7415 daAuts
    D:14: 7343 daAuts
 Swamp:3: 5806 daAuts
 Snake:1: 5621 daAuts
Vaults:2: 5273 daAuts
 Snake:3: 4412 daAuts
  Lair:4: 4343 daAuts
Vaults:4: 4315 daAuts
    D:15: 4175 daAuts
 Swamp:2: 3891 daAuts
 Snake:4: 3810 daAuts
  Lair:3: 3295 daAuts
    D:12: 3149 daAuts
   Zot:5: 2921 daAuts
Depths:4: 2877 daAuts
